Map: Central Protocol

Players

Fullmetal

  • Race: Terran Terran
  • League: Master

Dragonite - Winner!

  • Race: Protoss Protoss
  • League: Master

VOD

Have the link to the VOD?

Description

Time

  • Played on: Nov. 16, 2015, 9:07 p.m.
  • Length: 6:10
Show
View Real Time Build Order
Export as new Build Order

Fullmetal Terran 

Build Orders: Command Center First (CC) 

Get SALT Encoding   

  12  0:02  SCV  
  13  0:14  SCV  
  14  0:18  Supply Depot  
  14  0:26  SCV  
  15  0:40  SCV  
  16  0:52  SCV  
  17  1:01  Command Center  
  17  1:06  SCV  
  18  1:16  Barracks  
  18  1:20  SCV  
  19  1:26  Refinery  
  19  1:33  SCV  
  20  1:45  SCV  
  21  1:50  Barracks  
  21  2:02  Orbital Command  
  21  2:09  Bunker  
  21  2:11  Barracks Reactor  
  21  2:19  Orbital Command  
  21  2:28  SCV  
  22  2:38  Barracks Tech Lab  
  22  2:41  Barracks  
  22  2:42  SCV  
  22  2:46  SCV  
  22  2:51  Marine x2  
  23  2:55  SCV  
  26  2:59  SCV  
  26  3:02  Marine  
  26  3:03  Supply Depot  
  28  3:07  SCV  
  28  3:09  Marine  
  28  3:10  Marine  
  28  3:11  SCV  
  31  3:23  SCV, Marine  
  32  3:27  Marine  
  30  3:36  Marine  
  30  3:37  Marine  
  29  3:41  Marine  
  29  3:45  SCV  
  30  3:51  Marine  
  30  3:55  SCV, Marine  
  32  3:58  Marine  
  34  4:03  SCV  
  34  4:07  SCV  
  36  4:15  SCV  
  37  4:17  Factory  
  37  4:19  SCV  
  38  4:28  Refinery, Marine x2  
  38  4:29  SCV  
  40  4:33  SCV  
  39  4:39  Marine  
  39  4:40  Marine  
  39  4:42  SCV  
  42  4:50  Supply Depot  
  42  4:51  SCV  
  43  4:55  Marine  
  44  5:00  Marine x2  
  44  5:07  Marine  
  44  5:10  SCV  
  44  5:28  SCV x2  
  46  5:31  Barracks Tech Lab x2  
  46  5:35  Factory Reactor  
  46  5:36  Starport  
  46  5:39  Marine  
  46  5:40  SCV  
  48  5:48  SCV  
  47  5:50  Supply Depot  
Show
View Real Time Build Order
Export as new Build Order

Dragonite Protoss - Winner!

Build Orders: Oracle Opening 

Get SALT Encoding   

  12  0:01  Probe (Chrono Boost)  
  13  0:11  Probe (Chrono Boost)  
  14  0:17  Pylon  
  14  0:22  Probe (Chrono Boost)  
  15  0:35  Probe (Chrono Boost)  
  16  0:38  Gateway  
  16  0:45  Probe (Chrono Boost)  
  16  0:49  Assimilator  
  17  0:56  Probe (Chrono Boost)  
  18  0:58  Assimilator  
  18  1:06  Probe (Chrono Boost)  
  19  1:17  Probe (Chrono Boost)  
  20  1:26  Cybernetics Core  
  20  1:28  Probe (Chrono Boost)  
  21  1:38  Probe (Chrono Boost)  
  21  1:39  Pylon  
  22  1:49  Probe (Chrono Boost)  
  23  1:59  Probe (Chrono Boost)  
  24  2:02  Stalker (Chrono Boost)  
  24  2:04  Stargate  
  24  2:05  Warp Gate  
  26  2:10  Probe  
  27  2:16  Pylon  
  27  2:23  Mothership Core  
  29  2:50  Oracle (Chrono Boost)  
  32  2:55  Gateway  
  32  2:58  Pylon  
  32  2:59  Gateway  
  32  3:31  Void Ray (Chrono Boost)  
  36  3:49  Pylon  
  36  4:08  Void Ray (Chrono Boost)  
  40  4:12  Pylon  
  40  4:16  Stalker  
  40  4:17  Stalker x2  
  46  4:43  Gateway  
  46  4:44  Stalker x2  
  46  4:45  Stalker  
  52  4:46  Pylon  
  52  5:12  Void Ray (Chrono Boost)  
  56  5:19  Stalker  
  58  5:25  Zealot x2  
  62  5:31  Pylon  
  62  5:42  Stalker  
  64  5:53  Stalker x2  
  64  5:54  Zealot  
Tags
 
Add a new tag
Caveats
  • Supply blocks, unpowered buildings, or Contaminate may cause inaccurate times.
  • Supply counts are checked every 10 seconds.